[Event "Sunway Sitges Chess Festival"]
[Date "2024.12.21"]
[White "Leidorf, Sebastian"]
[Black "Alekseenko, Kirill"]
[WhiteElo "2063"]
[BlackElo "2673"]
[Round "1.1"]
[Result "0-1"]
[TimeControl "40/5400+30:1800+30"]

1. c4 e5 2. g3 d6 3. Bg2 Be7 4. Nc3 f5 5. d3 Nf6 6. e4 c6 7. Nge2 O-O 8. O-O Qe8
9. f3 Be6 10. b3 Na6 11. Be3 Nc7 12. Qd2 a6 13. d4 fxe4 14. Nxe4 Nxe4 15. fxe4
Rxf1+ 16. Rxf1 Bg4 17. Bf3 Bxf3 18. Rxf3 exd4 19. Nxd4 Bf6 20. Qd3 Be5 21. Nf5
Ne6 22. Nxd6 Qd7 23. c5 Rd8 24. Kg2 Bxd6 25. cxd6 Qxd6 26. Qxd6 Rxd6 27. Rf2 Rd3
28. Bf4 Nc5 29. e5 Ne6 30. Rf3 Rd5 31. h4 Kf7 32. Rf2 Kg6 33. Kf3 h5 34. Rd2 0-1

[Variant "Standard"]
[Site "Europe Echecs"]

[Event "Sunway Sitges Chess Festival"]
[Date "2024.12.21"]
[White "Moussard, Jules"]
[Black "Sarkisian, Arman"]
[WhiteElo "2649"]
[BlackElo "2062"]
[Round "1.2"]
[Result "1-0"]
[TimeControl "40/5400+30:1800+30"]

1. c4 e6 2. Nc3 d5 3. d4 Nf6 4. cxd5 exd5 5. Bg5 Be7 6. e3 h6 7. Bh4 O-O 8. Bd3
Re8 9. Nge2 c6 10. O-O Ne4 11. Bxe7 Qxe7 12. Bxe4 dxe4 13. d5 cxd5 14. Qxd5 Nd7
15. Nf4 Nf6 16. Qb3 Be6 17. Nxe6 Qxe6 18. Rfd1 Qxb3 19. axb3 a6 20. Kf1 Kf8 21.
Ke2 Rac8 22. Rd6 Rc7 23. Ra4 Re5 24. Rc4 Ree7 25. Rd8+ Ne8 26. Rxc7 Rxc7 27.
Nxe4 Ke7 28. Rd4 Rc2+ 29. Rd2 Rc6 30. Nc3 Nc7 31. Rd4 1-0

[Variant "Standard"]
[Site "Europe Echecs"]

[Event "Sunway Sitges Chess Festival"]
[Date "2024.12.21"]
[White "Pecci, William"]
[Black "Tin, Jingyao"]
[WhiteElo "2061"]
[BlackElo "2480"]
[Round "1.3"]
[Result "0-1"]
[TimeControl "40/5400+30:1800+30"]

1. e4 e5 2. Nf3 Nc6 3. Bb5 a6 4. Bxc6 dxc6 5. O-O Qf6 6. d4 exd4 7. Bg5 Qd6 8.
Nxd4 Bd7 9. Nc3 Ne7 10. Nf5 Qxd1 11. Raxd1 Nxf5 12. exf5 Bxf5 13. Rfe1+ Be6 14.
f4 Bc5+ 15. Kh1 O-O 16. h3 Rfe8 17. g4 f5 18. gxf5 Bxf5 19. Re5 Rxe5 20. fxe5
Bxh3 21. Ne4 Bf8 22. Kh2 Bg4 23. Rd2 Re8 24. Bf4 Bf5 25. Ng3 Be6 26. Nh5 Bg4 27.
Ng3 h6 28. Ne4 Bf5 29. Ng3 Be6 30. Ne4 Be7 31. b3 Rd8 32. Rg2 Kh7 33. Kg3 Rd1
34. Rh2 Re1 35. Ng5+ Bxg5 36. Bxg5 Rg1+ 0-1

[Variant "Standard"]
[Site "Europe Echecs"]

[Event "Sunway Sitges Chess Festival"]
[Date "2024.12.21"]
[White "Maurizzi, Marc`Andria"]
[Black "Rivlin, Shachar"]
[WhiteElo "2477"]
[BlackElo "2057"]
[Round "1.4"]
[Result "1-0"]
[TimeControl "40/5400+30:1800+30"]

1. e4 c5 2. Nf3 d6 3. Nc3 g6 4. d4 cxd4 5. Qxd4 Nf6 6. e5 Nc6 7. Bb5 dxe5 8.
Qxd8+ Kxd8 9. Bd2 Kc7 10. Bxc6 bxc6 11. Nxe5 Be6 12. O-O-O Bg7 13. Rhe1 Rhe8 14.
Na4 Rac8 15. f3 Nd5 16. Nc5 Nb6 17. Bf4 Nd5 18. Bd2 Nb6 19. Nxe6+ fxe6 20. Nd3
Rcd8 21. Nc5 Rxd2 22. Rxd2 Nc4 23. Nxe6+ 1-0

[Variant "Standard"]
[Site "Europe Echecs"]

[Event "Sunway Sitges Chess Festival"]
[Date "2024.12.21"]
[White "Legrand, Stephane"]
[Black "Li, Di"]
[WhiteElo "2056"]
[BlackElo "2440"]
[Round "1.5"]
[Result "0-1"]
[TimeControl "40/5400+30:1800+30"]

1. d4 g6 2. g3 Bg7 3. Bg2 Nf6 4. c4 d5 5. cxd5 Nxd5 6. Nc3 Nxc3 7. bxc3 c5 8.
Nf3 O-O 9. O-O Nc6 10. Be3 Be6 11. Qa4 Qa5 12. Qxa5 Nxa5 13. dxc5 Rfd8 14. Nd4
Bd5 15. Rab1 a6 16. Rfc1 Rac8 17. Rb4 Bxg2 18. Kxg2 Rd7 19. Nf3 Nc6 20. Rb2 Kf8
21. g4 Ke8 22. h4 h6 23. Nd2 Na5 24. f4 Rcd8 25. Kf3 f5 26. gxf5 gxf5 27. Rcc2
Nc6 28. Nc4 Bf6 29. Rb1 Rb8 30. Bd2 Kf7 31. Rcb2 Nd8 32. Rb3 h5 33. Be3 Nc6 34.
Rb6 Rc7 35. R6b3 Ke6 36. Bf2 Kf7 37. e4 fxe4+ 38. Kxe4 Rd7 39. Ne5+ Bxe5 40.
fxe5 Rg8 41. Rg1 Rxg1 42. Bxg1 Rd1 43. Bd4 Ke6 44. Rxb7 Re1+ 45. Kf4 a5 46. Rc7
Kd5 47. Kg5 Nxe5 48. Kxh5 Nc6 49. Kg6 e5 50. Bf2 Re2 51. Rf7 e4 52. Bd4 Rg2+ 53.
Kf5 Nxd4+ 54. cxd4 Rf2+ 55. Kg6 Rxf7 56. Kxf7 e3 57. h5 e2 58. h6 e1=Q 59. h7
Qh4 60. Kg8 Qg5+ 61. Kf7 Qh6 62. Kg8 Qg6+ 63. Kh8 Qf7 0-1

[Variant "Standard"]
[Site "Europe Echecs"]

[Event "Sunway Sitges Chess Festival"]
[Date "2024.12.21"]
[White "Gavrilescu, David"]
[Black "Merkel, Luis"]
[WhiteElo "2549"]
[BlackElo "2056"]
[Round "1.6"]
[Result "1-0"]
[TimeControl "40/5400+30:1800+30"]

1. e4 c5 2. Nf3 d6 3. d4 cxd4 4. Qxd4 Nc6 5. Qe3 g6 6. h3 Bg7 7. Be2 Nf6 8. O-O
O-O 9. Rd1 Be6 10. Nc3 Rc8 11. e5 Ne8 12. Ng5 Nxe5 13. Nxe6 fxe6 14. f4 Bh6 15.
Rf1 Qd7 16. Qxa7 Nc6 17. Qb6 d5 18. Nb5 Nd6 19. Nxd6 Qxd6 20. c3 Bxf4 21. Bxf4
Rxf4 22. Rxf4 Qxf4 23. Bg4 Qd6 24. Re1 Nd8 25. Qxd6 exd6 26. Rxe6 d4 27. Rxd6
dxc3 28. Bxc8 c2 29. Rxd8+ Kg7 30. Rd7+ 1-0

[Variant "Standard"]
[Site "Europe Echecs"]

[Event "Sunway Sitges Chess Festival"]
[Date "2024.12.21"]
[White "Fondrat, Johan"]
[Black "Gorshtein, Ido"]
[WhiteElo "2054"]
[BlackElo "2422"]
[Round "1.7"]
[Result "0-1"]
[TimeControl "40/5400+30:1800+30"]

1. e4 c6 2. d4 d5 3. e5 Bf5 4. h4 h5 5. Bd3 Bxd3 6. Qxd3 Qa5+ 7. Nd2 e6 8. Nf3
Nh6 9. O-O Nf5 10. c4 Be7 11. g3 O-O 12. b3 Rd8 13. Bb2 c5 14. dxc5 Nc6 15. cxd5
Rxd5 16. Qc3 Qxc3 17. Bxc3 Bxc5 18. Kg2 Rad8 19. Rae1 Nb4 20. Ra1 Nd3 21. a4
Bxf2 22. Rxf2 Ne3+ 23. Kg1 Nxf2 24. Kxf2 Rd3 25. Bd4 Nc2 26. Ke2 Nxd4+ 27. Kxd3
Nxf3+ 28. Ke2 Nxd2 29. Rd1 f6 30. Rxd2 Rxd2+ 31. Kxd2 fxe5 32. Ke3 Kf7 33. Ke4
Kf6 34. a5 a6 35. b4 g6 0-1

[Variant "Standard"]
[Site "Europe Echecs"]

[Event "Sunway Sitges Chess Festival"]
[Date "2024.12.21"]
[White "Siddharth, Jagadeesh"]
[Black "Shah Jeet"]
[WhiteElo "2510"]
[BlackElo "2052"]
[Round "1.8"]
[Result "1-0"]
[TimeControl "40/5400+30:1800+30"]

1. e4 e5 2. Nf3 Nc6 3. Bc4 Nf6 4. d3 h6 5. O-O d6 6. a4 g5 7. Nc3 Bg7 8. a5 Nb4
9. Ne2 c5 10. c3 Nc6 11. a6 bxa6 12. Bxa6 O-O 13. Bxc8 Rxc8 14. Ng3 d5 15. h4
dxe4 16. dxe4 Qxd1 17. Rxd1 Rfd8 18. Re1 g4 19. Nd2 Kh7 20. Nc4 Bf8 21. Ra6 Nd7
22. Ne3 c4 23. Nxg4 Nc5 24. Ra2 Nd3 25. Rf1 Rb8 26. Ne3 Bc5 27. Nxc4 Rg8 28. b4
Bxf2+ 29. Rfxf2 Rxg3 30. Rxf7+ Kh8 31. Bxh6 Rbg8 32. Bg5 Rg6 33. Rf3 Rxf3 34.
gxf3 Nf4 35. b5 Nb8 36. Nxe5 1-0

[Variant "Standard"]
[Site "Europe Echecs"]

[Event "Sunway Sitges Chess Festival"]
[Date "2024.12.21"]
[White "Fernandez Fuentes, Francisco Javier"]
[Black "Gholami Orimi, Mahdi"]
[WhiteElo "2051"]
[BlackElo "2402"]
[Round "1.9"]
[Result "1/2-1/2"]
[TimeControl "40/5400+30:1800+30"]

1. e4 g6 2. d4 Bg7 3. c4 d6 4. Nc3 c5 5. d5 Bxc3+ 6. bxc3 e5 7. dxe6 Bxe6 8. Bf4
Nc6 9. Nf3 Qa5 10. Qc2 O-O-O 11. Rd1 f6 12. Rxd6 Rxd6 13. Bxd6 Nh6 14. Be2 Rd8
15. Bf4 g5 16. Bc1 Qa6 17. Nxg5 fxg5 18. Bxg5 Nf7 19. Bxd8 Ncxd8 20. O-O Nd6 21.
f4 Bxc4 22. Bxc4 Qxc4 23. e5 Qe4 24. Qxe4 Nxe4 25. f5 Kd7 26. Re1 Nxc3 27. g4
Ke8 28. e6 Nc6 29. f6 Nd4 30. Kf2 Nd5 31. g5 Nf4 32. Rb1 b5 33. e7 a5 34. h4
Nfe6 35. Rg1 Nf4 36. Ke3 Nde6 37. h5 Nxh5 38. Rh1 Nef4 39. Rc1 c4 40. a4 bxa4
41. Ke4 Kf7 42. Rxc4 Ne6 43. Kf5 Nhg7+ 44. fxg7 Nxg7+ 45. Kg4 Kxe7 46. Rxa4 Kf7
47. Rxa5 Kg8 48. Ra7 Kf8 49. Kf4 Kg8 50. Ke5 Nh5 51. Rb7 Ng7 52. g6 hxg6 53. Kf6
Ne8+ 54. Kxg6 Kf8 55. Rd7 Kg8 56. Rf7 Nd6 57. Re7 Kf8 58. Rd7 Ne8 59. Rf7+
1/2-1/2

[Variant "Standard"]
[Site "Europe Echecs"]

[Event "Sunway Sitges Chess Festival"]
[Date "2024.12.21"]
[White "Vetokhin, Savva"]
[Black "Paasikangas, Johanna"]
[WhiteElo "2502"]
[BlackElo "2048"]
[Round "1.10"]
[Result "1-0"]
[TimeControl "40/5400+30:1800+30"]

1. d4 Nf6 2. c4 g6 3. Nc3 Bg7 4. e4 d6 5. h3 O-O 6. Be3 e5 7. d5 a5 8. g4 Na6 9.
Qd2 Nc5 10. f3 Ne8 11. h4 f5 12. gxf5 gxf5 13. O-O-O f4 14. Bxc5 dxc5 15. Bh3
Nd6 16. Qe2 Bf6 17. Bxc8 Rxc8 18. Nh3 Kh8 19. Nf2 Rg8 20. h5 Rg5 21. Ng4 Qf8 22.
Kc2 Be7 23. b3 Qg7 24. Rh2 Rg8 25. h6 Qg6 26. Rg1 Qe8 27. Rhg2 R8g6 28. Qd2 Nf7
29. Ne2 b6 30. Qc3 Kg8 31. Nc1 Kf8 32. Nd3 Qd8 33. Kb1 Qd6 34. Qb2 Bf6 35. a3
Ke7 36. b4 axb4 37. axb4 cxb4 38. Nxb4 Nd8 39. Nd3 Nf7 40. Qb5 Kf8 41. c5 bxc5
42. Nxc5 Bd8 43. Rc1 Ke7 44. Ne6 Rxe6 45. dxe6 Qxe6 46. Rgc2 Qd7 47. Qxd7+ Kxd7
48. Rd1+ Ke8 49. Rd5 Rh5 50. Rc6 Rh3 51. Re6+ Kf8 52. Rd7 Bg5 53. Nxe5 Nxh6 54.
Ra6 1-0

[Variant "Standard"]
[Site "Europe Echecs"]

[Event "Sunway Sitges Chess Festival"]
[Date "2024.12.21"]
[White "Freeland, Alex"]
[Black "Velten, Paul"]
[WhiteElo "2048"]
[BlackElo "2501"]
[Round "1.11"]
[Result "0-1"]
[TimeControl "40/5400+30:1800+30"]

1. d4 Nf6 2. c4 e6 3. Nc3 Bb4 4. e3 O-O 5. Bd3 d5 6. Nf3 a6 7. O-O dxc4 8. Bxc4
Nbd7 9. a3 Bxc3 10. bxc3 b5 11. Bd3 Bb7 12. a4 e5 13. Nxe5 Nxe5 14. dxe5 Qd5 15.
f3 Qxe5 16. Qe2 Nd5 17. f4 Qf6 18. Bb2 Qb6 19. Rf3 Rfe8 20. Re1 Rad8 21. Kh1 Nf6
22. Rg3 Be4 23. Rd1 Bxd3 24. Rxd3 Rxd3 25. Qxd3 bxa4 26. Ba1 Rb8 27. Qf1 Qb1 28.
Rf3 Ne4 29. g4 Nd2 0-1

[Variant "Standard"]
[Site "Europe Echecs"]

[Event "Sunway Sitges Chess Festival"]
[Date "2024.12.21"]
[White "Girel, Joseph"]
[Black "Kirtadze, Anastasia"]
[WhiteElo "2494"]
[BlackElo "2047"]
[Round "1.12"]
[Result "1-0"]
[TimeControl "40/5400+30:1800+30"]

1. e4 c5 2. Nf3 e6 3. c3 d5 4. e5 d4 5. d3 Nc6 6. g3 Nge7 7. Bg2 Ng6 8. Qe2 Qc7
9. Na3 Bd7 10. Nb5 Qb8 11. cxd4 a6 12. Na3 cxd4 13. Nc4 b5 14. Ncd2 Ra7 15. O-O
Ngxe5 16. Nxe5 Qxe5 17. Ne4 Qc7 18. Bf4 e5 19. Rac1 f6 20. Qh5+ Kd8 21. Bd2 Qb6
22. f4 Be8 23. Qh4 Be7 24. Qg4 g6 25. Qe6 Bd7 26. Qd5 Rc7 27. fxe5 fxe5 28. Rf7
Re8 29. Nd6 Bxd6 30. Qxd6 1-0

[Variant "Standard"]
[Site "Europe Echecs"]

[Event "Sunway Sitges Chess Festival"]
[Date "2024.12.21"]
[White "Lomaia, Diana"]
[Black "Ilamparthi A R"]
[WhiteElo "2047"]
[BlackElo "2391"]
[Round "1.13"]
[Result "0-1"]
[TimeControl "40/5400+30:1800+30"]

1. d4 f5 2. Nc3 Nf6 3. h4 e6 4. Bg5 d5 5. Nf3 Nbd7 6. Ne5 Bd6 7. f4 h6 8. Ng6
hxg5 9. Nxh8 Bxf4 10. Qd3 Nh5 11. g4 Ng3 12. Rg1 Ne4 13. Nxe4 fxe4 14. Qh3 gxh4
15. g5 Nf8 16. Qxh4 Qd6 17. Qh5+ Kd7 18. Qf7+ Kc6 19. c3 Be3 20. Rg2 Bd7 21. Kd1
e5 22. dxe5 Qxe5 23. Ng6 Nxg6 24. Qxg6+ Kc5 25. Kc2 Rh8 26. Rf2 Ba4+ 27. b3 Be8
28. Rf7 Bxf7 29. Qxf7 Bxg5 30. Rd1 Bf6 31. Rd4 Kd6 32. b4 Qe6 33. Qxe6+ Kxe6 34.
Rd1 Rh2 35. Kb3 g5 36. e3 g4 37. c4 c6 38. cxd5+ cxd5 39. Bb5 Rb2+ 40. Ka3 a5
41. Rf1 Rxb4 42. Bd7+ Ke7 0-1

[Variant "Standard"]
[Site "Europe Echecs"]

[Event "Sunway Sitges Chess Festival"]
[Date "2024.12.21"]
[White "Lopez Martinez, Josep Manuel"]
[Black "Eche, Sylvain"]
[WhiteElo "2455"]
[BlackElo "2047"]
[Round "1.14"]
[Result "1-0"]
[TimeControl "40/5400+30:1800+30"]

1. c4 Nf6 2. d4 g6 3. f3 d5 4. cxd5 Nxd5 5. e4 Nb6 6. Nc3 Bg7 7. Be3 O-O 8. Qd2
Nc6 9. O-O-O f5 10. e5 Nb4 11. Nh3 Be6 12. Kb1 Qd7 13. Nf4 Rfd8 14. h4 c5 15.
dxc5 N6d5 16. Ncxd5 Bxd5 17. Qxb4 1-0

[Variant "Standard"]
[Site "Europe Echecs"]

[Event "Sunway Sitges Chess Festival"]
[Date "2024.12.21"]
[White "Donghvani, Nia"]
[Black "Raczek, Krzysztof"]
[WhiteElo "2044"]
[BlackElo "2443"]
[Round "1.15"]
[Result "0-1"]
[TimeControl "40/5400+30:1800+30"]

1. c4 e6 2. Nf3 d5 3. e3 Nf6 4. b3 Bd6 5. Bb2 O-O 6. Be2 b6 7. O-O Bb7 8. Nc3
Re8 9. Rc1 a6 10. Qc2 Nbd7 11. d4 Qe7 12. Rcd1 Rac8 13. Rfe1 dxc4 14. bxc4 c5
15. a4 cxd4 16. exd4 Nf8 17. Qb3 Qc7 18. d5 N8d7 19. g3 exd5 20. cxd5 Bc5 21.
Bd3 Qd6 22. Rxe8+ Rxe8 23. Bf5 Ne5 24. Nxe5 Rxe5 25. Qc2 Qe7 26. Kf1 g6 27. Bh3
Qd8 28. Bg2 Rf5 29. Rd2 Ng4 30. Ne4 Ne3+ 0-1

[Variant "Standard"]
[Site "Europe Echecs"]

[Event "Sunway Sitges Chess Festival"]
[Date "2024.12.21"]
[White "Makkar, Rajat"]
[Black "Chanturia, Giorgi Mal"]
[WhiteElo "2433"]
[BlackElo "2042"]
[Round "1.16"]
[Result "1/2-1/2"]
[TimeControl "40/5400+30:1800+30"]

1. d4 Nf6 2. c4 e6 3. Nf3 d5 4. Nc3 Bb4 5. e3 O-O 6. Bd2 a6 7. a3 Bxc3 8. Bxc3
dxc4 9. Bxc4 Nbd7 10. O-O b5 11. Bd3 c5 12. e4 Bb7 13. Re1 Re8 14. e5 Nd5 15.
Bd2 h6 16. Qe2 Ne7 17. Nh4 Nf5 18. Nxf5 exf5 19. Bxf5 cxd4 20. e6 Qf6 21. exf7+
Kxf7 22. Qg4 Ne5 23. Qh3 Kg8 24. Rac1 Kh8 25. Rc7 Nc4 26. Rxb7 Nxd2 27. Rc1 Qe5
28. g4 Qf4 29. Rd1 Nf3+ 30. Kg2 Ne1+ 31. Kf1 Qe5 32. Kg1 Qe2 33. Rc1 Nf3+ 34.
Kg2 Re3 35. Rb6 Kg8 36. Rxh6 Ne1+ 37. Rxe1 Rxh3 38. Rh8+ Kf7 39. Rf8+ Rxf8 40.
Rxe2 Rfh8 41. g5 Rxh2+ 42. Kg3 Rh1 43. Kf4 R8h4+ 44. Ke5 g6 45. Be4 Rd1 46. Rc2
d3 47. Rc7+ Kf8 48. Bd5 d2 49. Kd6 Rc1 50. Rf7+ Ke8 51. Re7+ Kd8 52. Rd7+ Kc8
53. Ra7 Kd8 54. Rd7+ Ke8 55. Re7+ Kf8 56. Rf7+ 1/2-1/2

[Variant "Standard"]
[Site "Europe Echecs"]

[Event "Sunway Sitges Chess Festival"]
[Date "2024.12.21"]
[White "Menac Comas, Joan Ramon"]
[Black "Travadon, Loic"]
[WhiteElo "2036"]
[BlackElo "2428"]
[Round "1.17"]
[Result "0-1"]
[TimeControl "40/5400+30:1800+30"]

1. Nf3 Nf6 2. c4 d6 3. d4 g6 4. Nc3 Bg7 5. e3 O-O 6. Be2 Bf5 7. O-O a5 8. Ng5 e5
9. dxe5 dxe5 10. e4 Bc8 11. Be3 Nc6 12. Nb5 Qe7 13. Qc1 Rd8 14. c5 h6 15. Nf3
Kh7 16. Qc2 Nb4 17. Qb1 Be6 18. h3 Nh5 19. a3 Nc6 20. Re1 a4 21. Qc2 Na5 22. Bf1
c6 23. Nd6 b6 24. Nc4 Nb3 25. Rad1 Rxd1 26. Rxd1 Bxc4 27. Qxc4 Nxc5 28. Bxc5
bxc5 29. Rc1 Bf8 30. Qc3 Re8 31. Qa5 Rb8 32. Qxa4 Rxb2 33. Qxc6 Nf4 34. g3 Ne6
35. Qd5 Nd4 36. Nxd4 cxd4 37. Bc4 Kg7 38. f4 Qa7 39. Qxe5+ Kh7 40. Rf1 Qxa3 41.
f5 Bg7 42. f6 Qe3+ 43. Kh1 Qd2 0-1

[Variant "Standard"]
[Site "Europe Echecs"]

[Event "Sunway Sitges Chess Festival"]
[Date "2024.12.21"]
[White "Gormally, Daniel W"]
[Black "Gajdzica, Maciej"]
[WhiteElo "2424"]
[BlackElo "2035"]
[Round "1.18"]
[Result "1-0"]
[TimeControl "40/5400+30:1800+30"]

1. d4 d5 2. c4 e6 3. Nf3 Nf6 4. Nc3 a6 5. cxd5 exd5 6. Bg5 Be6 7. e3 Bd6 8. Bd3
h6 9. Bh4 Nbd7 10. O-O O-O 11. h3 c6 12. Ne2 Qc7 13. Bg3 Bxg3 14. Nxg3 Rfe8 15.
Rc1 Ne4 16. Nxe4 dxe4 17. Bxe4 Bxa2 18. Qc2 Qb6 19. Bh7+ Kh8 20. Bd3 Bb3 21. Qc3
Bd5 22. Nd2 Nf6 23. Rfe1 Ne4 24. Bxe4 Bxe4 25. Nb3 Qc7 26. Nc5 Rad8 27. Rf1 Bd5
28. f3 f5 29. Rce1 Qf7 30. Rf2 Rf8 31. Qb4 Rb8 32. Nd3 b6 33. Ne5 Qe8 34. Qxf8+
Qxf8 35. Ng6+ Kg8 36. Nxf8 Rxf8 37. e4 fxe4 38. fxe4 Re8 39. Rf4 a5 40. Kf2 Bc4
41. Ke3 b5 42. Rf5 a4 43. Rc5 Re6 44. g4 Rd6 45. Rc1 Kf7 46. R1xc4 bxc4 47. Rxc4
Kg6 48. h4 Rf6 49. e5 Re6 50. Kf4 Kf7 51. Rxa4 g5+ 52. hxg5 hxg5+ 53. Kxg5 c5
54. Kf5 Rb6 55. Ra7+ Ke8 56. d5 1-0

[Variant "Standard"]
[Site "Europe Echecs"]

[Event "Sunway Sitges Chess Festival"]
[Date "2024.12.21"]
[White "Kumar, Sanjit S"]
[Black "Leisch, Lukas"]
[WhiteElo "2034"]
[BlackElo "2417"]
[Round "1.19"]
[Result "0-1"]
[TimeControl "40/5400+30:1800+30"]

1. d4 Nf6 2. c4 e6 3. Nc3 Bb4 4. e3 O-O 5. Bd3 d5 6. Ne2 c5 7. dxc5 dxc4 8. Bxc4
Qxd1+ 9. Kxd1 Bxc5 10. a3 a5 11. b3 Nc6 12. Bb2 Rd8+ 13. Kc2 Ne5 14. Bb5 Neg4
15. Nd1 Ne4 16. f3 Nd6 17. Bd3 Nxe3+ 18. Nxe3 Bxe3 19. Rhd1 f6 20. Bc4 Bb6 21.
Bd3 e5 22. Bc3 Be6 23. Kb2 Rd7 24. Bc2 Rad8 25. Rd2 Nc4+ 0-1

[Variant "Standard"]
[Site "Europe Echecs"]

[Event "Sunway Sitges Chess Festival"]
[Date "2024.12.21"]
[White "Arfan, Aditya Bagus"]
[Black "Gregersen, Hedin"]
[WhiteElo "2416"]
[BlackElo "2032"]
[Round "1.20"]
[Result "1-0"]
[TimeControl "40/5400+30:1800+30"]

1. e4 d6 2. d4 Nf6 3. Nc3 g6 4. Nf3 Bg7 5. Be2 O-O 6. O-O Bg4 7. h3 Bxf3 8. Bxf3
e5 9. d5 h6 10. Be3 Nh7 11. Qd2 Qh4 12. Be2 f5 13. f3 f4 14. Bf2 Qe7 15. Na4 a5
16. c4 b6 17. a3 Bf6 18. b4 Bh4 19. Bxh4 Qxh4 20. c5 bxc5 21. bxc5 Qe7 22. c6
Nf6 23. Rab1 Na6 24. Rb5 1-0

[Variant "Standard"]
[Site "Europe Echecs"]

[Event "Sunway Sitges Chess Festival"]
[Date "2024.12.21"]
[White "Llopis de Aysa, Manuel"]
[Black "Atanasov, Anthony"]
[WhiteElo "2030"]
[BlackElo "2415"]
[Round "1.21"]
[Result "1-0"]
[TimeControl "40/5400+30:1800+30"]

1. d4 Nf6 2. Nf3 e6 3. c4 d5 4. Nc3 Be7 5. Bg5 h6 6. Bxf6 Bxf6 7. e3 c6 8. Rc1
Nd7 9. Bd3 a6 10. a3 O-O 11. O-O g6 12. e4 dxc4 13. Bxc4 c5 14. d5 Qe7 15. a4
Kh7 16. Qe2 Ne5 17. Rfe1 Bd7 18. Rcd1 Rad8 19. a5 Bc8 20. Nd2 Qc7 21. Nb3 Bg7
22. h3 g5 23. dxe6 fxe6 24. Na4 Rxd1 25. Rxd1 Nxc4 26. Qxc4 Qf4 27. Qe2 c4 28.
Nd4 Rd8 29. Nf3 Rxd1+ 30. Qxd1 e5 31. Nc3 g4 32. hxg4 Bxg4 33. Qe2 h5 34. Nd5
Qf8 35. Ne3 Qf4 36. Nxg4 hxg4 37. Nh4 Bf6 38. Nf5 Qc1+ 39. Kh2 Qf4+ 40. Kg1 Bg5
41. g3 Qf3 42. Qxc4 Qd1+ 43. Kh2 Qd7 44. Kg2 Bd2 45. Qe2 Bxa5 46. Qxg4 Qc7 47.
Qh5+ Kg8 48. Qe8+ Kh7 49. Ne7 Kg7 50. Qg8+ Kf6 51. Nd5# 1-0

[Variant "Standard"]
[Site "Europe Echecs"]

[Event "Sunway Sitges Chess Festival"]
[Date "2024.12.21"]
[White "Abergel, Thal"]
[Black "Richet, Vincent"]
[WhiteElo "2411"]
[BlackElo "2028"]
[Round "1.22"]
[Result "1-0"]
[TimeControl "40/5400+30:1800+30"]

1. Nf3 Nf6 2. c4 c5 3. Nc3 Nc6 4. g3 g6 5. Bg2 Bg7 6. d4 cxd4 7. Nxd4 O-O 8. O-O Nxd4 9. Qxd4 d6 10. Qd2 Rb8 11. b3 Bd7 12. Bb2 Bc6 13. e4 Nd7 14. Rad1 Re8 15. f4 b5 16. cxb5 Bxb5 17. Nxb5 Rxb5 18. e5 Nb8 19. Qe2 a6 20. e6 f5 21. Bxg7 Kxg7 22. Rc1 Qb6+ 23. Kh1 Rc5 24. Rxc5 dxc5 25. Qe5+ Kg8 26. Rc1 Rd8 27. h4 Nc6 28. Qxc5 Qxc5 29. Rxc5 Nd4 30. Bd5 Kg7 31. Bc4 Kf6 32. Bxa6 Ra8 33. Ra5 Nxe6 34. b4 Nd4
35. Bc4 Rxa5 36. bxa5 Nc6 37. a6 e5 38. Bd5 Na7 39. Kg2 h6 40. Kf3 g5 41. Ke3
exf4+ 42. gxf4 gxh4 43. Bg2 Ke6 44. Bh3 Nc6 45. a3 Kd6 46. Bxf5 Kc5 47. Be4 Na7
48. f5 Kd6 49. Kf4 1-0

[Variant "Standard"]
[Site "Europe Echecs"]

[Event "Sunway Sitges Chess Festival"]
[Date "2024.12.21"]
[White "Muth, Matthias Potisarath"]
[Black "Dudognon, Thibault"]
[WhiteElo "2026"]
[BlackElo "2411"]
[Round "1.23"]
[Result "1/2-1/2"]
[TimeControl "40/5400+30:1800+30"]

1. c4 c5 2. g3 Nc6 3. Bg2 g6 4. Nc3 Bg7 5. e3 b6 6. Nge2 Bb7 7. O-O Nf6 8. d4 d6 9. b3 Qd7 10. Bb2 h5 11. d5 Ne5 12. f4 Neg4 13. Qd2 O-O-O 14. h4 e5 15. a4 a5 16. Rae1 Rhe8 17. Nd1 Kb8 18. e4 exf4 19. Nxf4 Ne5 20. Bxe5 dxe5 21. Nd3 Ng4 22. Bh3 f5 23. Qg5 Qd6 24. Bxg4 hxg4 25. exf5 e4 26. Nf4 Bd4+ 27. Ne3 gxf5 28. Qxf5 Bc8 29. Qg6 Qc7 30. Kg2 Be5 31. Re2 Bd6 1/2-1/2

[Variant "Standard"]
[Site "Europe Echecs"]

[Event "Sunway Sitges Chess Festival"]
[Date "2024.12.21"]
[White "Xu, Minghui"]
[Black "Zima, Teofil"]
[WhiteElo "2405"]
[BlackElo "2023"]
[Round "1.24"]
[Result "1-0"]
[TimeControl "40/5400+30:1800+30"]

1. d4 d5 2. Nf3 Nf6 3. Bf4 Bf5 4. c4 c6 5. e3 e6 6. Nc3 Nbd7 7. Nh4 Be4 8. f3
Nh5 9. fxe4 Nxf4 10. g3 Ng6 11. Nxg6 hxg6 12. exd5 exd5 13. cxd5 cxd5 14. Qb3
Bd6 15. O-O-O Bxg3 16. Bb5 Bh4 17. Qxd5 a6 18. Rhf1 Bf6 19. Bc4 O-O 20. Qxb7 Rc8
21. Bb3 Qe7 22. Kb1 Rb8 23. Qe4 Qb4 24. Nd5 Qb5 25. Nxf6+ Nxf6 26. Rxf6 1-0

[Variant "Standard"]
[Site "Europe Echecs"]

[Event "Sunway Sitges Chess Festival"]
[Date "2024.12.21"]
[White "Huseynova, Lala"]
[Black "Diaz Rosas, Julio Cesar"]
[WhiteElo "2021"]
[BlackElo "2401"]
[Round "1.25"]
[Result "0-1"]
[TimeControl "40/5400+30:1800+30"]

1. e4 c6 2. Nf3 d5 3.
Nc3 dxe4 4. Nxe4 Nf6 5. Qe2 Na6 6. b3 Nb4 7. Nxf6+ gxf6 8. Qe4 e6 9. Bb2 f5 10. Qc4 Rg8 11. a3 Rg4 12. d4 Re4+ 13. Kd1 Nd5 14. h3 Bd7 15. b4 c5 16. bxc5 Qa5 17. Bd3 Bh6 18. c6 Bxc6 19. Qc5 Qxc5 20. dxc5 Ra4 21. Ne5 Rd8 22. Re1 Nf4 23. g3 0-1

[Variant "Standard"]
[Site "Europe Echecs"]

[Event "Sunway Sitges Chess Festival"]
[Date "2024.12.21"]
[White "Degraeve, Remy"]
[Black "Goh, Jinghan Cameron"]
[WhiteElo "2400"]
[BlackElo "2021"]
[Round "1.26"]
[Result "0-1"]
[TimeControl "40/5400+30:1800+30"]

1. d4 Nf6 2. c4 e6 3. Nc3 Bb4 4. e3 O-O 5. a3 Bxc3+ 6. bxc3 Nc6 7. Bd3 e5 8. f3
d6 9. Ne2 Nh5 10. O-O f5 11. a4 Na5 12. Ba3 c5 0-1

[Variant "Standard"]
[Site "Europe Echecs"]

[Event "Sunway Sitges Chess Festival"]
[Date "2024.12.21"]
[White "Garmendia Vega, Gabriel"]
[Black "Aloma Vidal, Robert"]
[WhiteElo "2017"]
[BlackElo "2398"]
[Round "1.27"]
[Result "0-1"]
[TimeControl "40/5400+30:1800+30"]

1. e4 c5 2. Nf3 e6 3. d4 cxd4 4. Nxd4 a6 5. c4 Nf6 6. Nc3 Bb4 7. Qd3 d6 8. f3 Nbd7 9. Bd2 O-O 10. Be2 d5 11. cxd5 exd5 12. O-O-O dxe4 13. Nxe4 Ne5 14. Nxf6+ Qxf6 15. Qe4 Bxd2+ 16. Rxd2 Bd7 17. f4 Nc6 18. Bd3 g6 19. Nxc6 Bxc6 20. Qe5 Qxe5 21. fxe5 Rfd8 22. Rhd1 Rd5 23. Be4 Rxd2 0-1

[Variant "Standard"]
[Site "Europe Echecs"]

[Event "Sunway Sitges Chess Festival"]
[Date "2024.12.21"]
[White "Herzwurm, Robert"]
[Black "Hess, Max"]
[WhiteElo "2016"]
[BlackElo "2385"]
[Round "1.29"]
[Result "0-1"]
[TimeControl "40/5400+30:1800+30"]

1. e4 c5 2. Nc3 Nc6 3. f4 e6 4. Nf3 Nh6 5. Bb5 Nd4 6. d3 Nxb5 7. Nxb5 d5 8. O-O Be7 9. Ne5 a6 10. Nc3 O-O 11. f5 d4 12. Bxh6 dxc3 13. f6 Bxf6 14. Ng4 Bd4+ 15. Kh1 f5 0-1

[Variant "Standard"]
[Site "Europe Echecs"]

[Event "Sunway Sitges Chess Festival"]
[Date "2024.12.21"]
[White "Anwesh, Upadhyaya"]
[Black "Dolas, Aarush"]
[WhiteElo "2379"]
[BlackElo "2014"]
[Round "1.30"]
[Result "1-0"]
[TimeControl "40/5400+30:1800+30"]

1. Nf3 d5 2. c4 c6 3. e3 Nf6 4. Nc3 Bf5 5. cxd5 Nxd5 6. Qb3 Qb6 7. Qxb6 Nxb6 8. e4 Bg4 9. Ne5 Be6 10. d4 f6 11. Nd3 Bf7 12. f4 N8d7 13. Be2 O-O-O 14. O-O g6 15. b3 Bg7 16. Be3 Rhe8 17. Rad1 Bg8 18. Bg4 Kb8 19. Nc5 e6 20. f5 exf5 21. Bf4+ Kc8 22. exf5 h5 23. Bf3 g5 24. Bg3 g4 25. Nb5 Nxc5 26. Nxa7+ Kd7 27. dxc5+ Nd5 28. Bxd5 Bxd5 29. Nb5 Re2 30. Rf2 Rde8 31. Nc3 Re1+ 32. Rf1 Rxd1
33. Rxd1 Bf8 34. b4 Re3 35. Nxd5 cxd5 36. b5 Rc3 37. Rxd5+ Ke8 38. Bd6 Bxd6 39. Rxd6 Rxc5 40. Rb6 Rc1+ 41. Kf2 h4 42. Rxb7 Rc2+ 43. Ke3 Rxa2 44. b6 Rxg2 45. Rh7 Kd8 46. Rh8+ Kd7 47. b7 1-0

[Variant "Standard"]
[Site "Europe Echecs"]